 BcadrenCrawl: Boulder Brew version 0.05.21-81-gd28e3044bd (webtiles) character file.

Game seed: 201318050632075793, levelgen mode: deterministic

751 theanonym the Chopper (level 7, -3/49 HPs) Oozomorph Noble. Began on Sept 5, 2021. Was an Initiate of Okawaru. Succumbed to Duvessa's poison ... on level 1 of the Dungeon. The game lasted 00:09:26 (3255 turns).

theanonym the Chopper (Oozomorph Noble)             Turns: 3255, Time: 00:09:27

Health: -3/49      AC: 16    Str: 19    XL:     7 ^: 353
Magic:  2/9        EV:  0    Int: 10    God:    Okawaru [0* [24]]
Gold:   189        SH:  0    Dex: 10    Spells: 8/8 levels left

rFire    + . .     Vision   x   a - +0 broad axe
rCold    + . .     Gourm    .   (no weapon)
rNeg     + + .     Faith    .   m - +1 pair of boots
rCorr    + + +     Spirit   +   b - +0 gold dragon scales
rPois    +         Reflect  .   n - scarf {Spirit}
rElec    .         Harm     .   (no armour)
MR       .....                  (no armour)
Stlth    +.........             (no armour)
HPRegen  0.26/turn              j - +0 short sword (vamp)
MPRegen  0.19/turn              (no amulet)
                                d - ring of positive energy {rN+}
                                (no ring)

@: lethally poisoned (-3 -> -29), very slow
A: impaired vision, high mp 1, evolution 1, cytoplasmic subsumption, amorphous
body, gelatinous body 1
a: Subsume Item, Eject Item, Renounce Religion


Innate Abilities, Weirdness & Mutations

You may subsume any weapon, armour, or jewellery into your cytoplasm to benefit from its magical properties.
Your body is completely amorphous, allowing you to wear any combination of armour.
You have seven amorphous slots; replacing the normal gear slots.
Body armours and bardings take two slots, all other armours take one.
Your gelatinous form is immune to acid, constriction and sticky flames. (rCorr+, Slime)
Your poor vision makes scrolls take longer to read and aiming more difficult.
You have an increased reservoir of magic. (+15% MP)
You evolve.


   Skills:
 + Level 4.4 Fighting
 * Level 5.7 Axes & Hammers
 + Level 3.4 Armour
 - Level 1.2 Stealth
 - Level 1.0 Spellcasting
 + Level 1.0 Invocations


You had 8 spell levels left.
You didn't know any spells.
Your spell library was empty.

Skill      XL: |  1  2  3  4  5  6  7 |
---------------+----------------------+-----
Axes & Hammers | 1 2 3 4 5 |  5.7
Armour         | 1 2 3 |  3.4
Fighting       | 2 3 4 |  4.4
Invocations    | 1 |  1.0
Stealth        | |  1.2
Spellcasting   | |  1.0

Action                   |  1- 3 |  4- 6 |  7- 9 || total
-------------------------+-------+-------+-------++-------
Melee: Broad axe         |   311 |   179 |   105 ||   595
       Unarmed           |   282 |   141 |    88 ||   511
 Abil: Subsume Item      |       |     1 |       ||     1
  Use: Potion            |       |     1 |     1 ||     2
       Scroll            |       |       |     1 ||     1
 Stab: Sleeping          |     2 |       |       ||     2
       Distracted        |       |     1 |       ||     1
  Eat: Chunk             |       |     9 |     2 ||    11
       Ration            |       |       |     1 ||     1
Armor: Skin              |   451 |   199 |   128 ||   778

Inventory:

Weapons
 a - a +0 broad axe (weapon)
 j - a +0 vampiric short sword (subsumed)
Armour
 b - +0 gold dragon scales (worn)
 m - a +1 pair of boots (worn)
 n - a scarf of spirit shield (worn)
Jewellery
 d - a ring of positive energy (left hand) {rN+}
 h - an uncursed ring of wizardry
Scrolls
 f - a scroll of fog
 g - a scroll of fear
 l - a scroll of holy word
Comestibles
 e - 5 rations


You were on level 1 of the Dungeon.
You worshipped Okawaru.
Okawaru was noncommittal.
You were not hungry.

You visited 1 branch of the dungeon, and saw 2 of its levels.
You also visited: Market.

You collected 149 gold pieces.
You spent 960 gold pieces at shops.

Dungeon Overview and Level Annotations

Branches:
Dungeon (2/8)

Altars:
Okawaru
Wu Jian

Annotations:
D:2 Dowan, Duvessa

#.......# #.#.......#
#.#####.###.#######.#
#.# #.#.#.....# #÷#
##'###.#.#.#.#.#####.#
#......#.#.#.#.....#.#
#......#.#.#.#.....#.#
###......#...#.#.....#.#
..'..).......#.#####.#.#
###......###.#≈≈@....#.#
...).)...)....≈>###..#.#
########.###..≈≈# #..#.#
.............#..######.#
####.....##..#.........#
#.......##..#.#########
#.......##..#......#
#...###.##..#.####.#
#...#...##..#....#.#


There were no monsters in sight!

Notes
Turn   | Place    | Note
-------+----------+-------------------------------------------
     0 | Start Ma | theanonym the Oozomorph Noble began the quest for the Orb.
     0 | Start Ma | Reached XP level 1. HP: 13/13 MP: 2/2
     0 | Start Ma | Found Jaadoyt's Mashing MeleeMart.
     0 | Start Ma | Found Urif's Auxillary Armour.
    16 | Start Ma | Found Vureut's Expert Tomes.
    45 | Start Ma | Bought +0 gold dragon scales for 800 gold pieces
    60 | Start Ma | Bought a +0 broad axe for 160 gold pieces
    68 | D:1      | theanonym set off with the following items: a +0 broad axe,
                  | +0 gold dragon scales, a ration
    72 | D:1      | Reached skill level 1 in Axes & Hammers
    72 | D:1      | Reached XP level 2. HP: 18/18 MP: 3/3
   214 | D:1      | Reached skill level 1 in Armour
   275 | D:1      | Reached XP level 3. HP: 24/24 MP: 4/4
   334 | D:1      | Reached skill level 2 in Axes & Hammers
   344 | D:1      | Reached skill level 2 in Fighting
   346 | D:1      | HP: 12/24 [kobold/+0 short sword (3)]
   919 | D:1      | Reached XP level 4. HP: 16/29 MP: 5/5
  1347 | D:2      | Reached skill level 3 in Axes & Hammers
  1441 | D:2      | Reached XP level 5. HP: 33/35 MP: 6/6
  1455 | D:2      | Found an ornate altar of the Wu Jian Council.
  1474 | D:2      | Reached skill level 2 in Armour
  1486 | D:2      | HP: 17/36 [bullfrog (2)]
  1492 | D:1      | HP: 17/36 [bullfrog (1)]
  1495 | D:1      | Reached skill level 3 in Fighting
  1495 | D:1      | Reached skill level 4 in Axes & Hammers
  1687 | D:2      | Reached XP level 6. HP: 39/42 MP: 7/7
  1693 | D:2      | Noticed Duvessa
  1888 | D:2      | HP: 21/42 [big kobold/+0 short sword (5)]
  1893 | D:2      | HP: 15/42 [big kobold/+0 short sword (5)]
  1896 | D:2      | HP: 7/42 [big kobold/+0 short sword (3)]
  2033 | D:2      | Found an iron altar of Okawaru.
  2055 | D:2      | Reached skill level 4 in Fighting
  2055 | D:2      | Reached skill level 5 in Axes & Hammers
  2055 | D:2      | Reached skill level 3 in Armour
  2055 | D:2      | Reached XP level 7. HP: 40/48 MP: 8/8
  2057 | D:2      | Became a worshipper of Warmaster Okawaru
  2113 | D:2      | HP: 24/48 [big kobold/cursed +2 dagger of pain {(Curse:
                  | Fragile)} (2)]
  2119 | D:2      | HP: 18/48 [big kobold/cursed +2 dagger of pain {(Curse:
                  | Fragile)} (7)]
  2127 | D:2      | HP: 13/48 [big kobold/cursed +2 dagger of pain {(Curse:
                  | Fragile)} (5)]
  2128 | D:2      | HP: 3/48 [big kobold/cursed +2 dagger of pain {(Curse:
                  | Fragile)} (6)]
  2539 | D:2      | HP: 24/49 [sewer rat (4)]
  2554 | D:2      | HP: 20/49 [sewer rat (5)]
  2685 | D:2      | Reached skill level 1 in Invocations
  2931 | D:2      | Noticed Dowan
  3043 | D:1      | HP: 24/49 [poisoned by Duvessa]
  3048 | D:1      | HP: 21/49 [poisoned by Duvessa]
  3054 | D:1      | HP: 19/49 [poisoned by Duvessa]
  3061 | D:1      | HP: 19/49 [poisoned by Duvessa]
  3069 | D:1      | HP: 20/49 [poisoned by Duvessa]
  3249 | D:2      | HP: 23/49 [Duvessa/+4 rapier of venom (4)]
  3252 | D:2      | HP: 11/49 [poisoned by Duvessa]
  3253 | D:1      | HP: 4/49 [poisoned by Duvessa]
  3254 | D:1      | Gained mutation: You have an increased reservoir of magic.
                  | (+15% MP) [potion of mutation]
  3254 | D:1      | Gained mutation: Your poor vision makes scrolls take longer
                  | to read and aiming more difficult. [potion of mutation]
  3254 | D:1      | Gained mutation: You evolve. [potion of mutation]
  3254 | D:1      | HP: 1/49 [poisoned by Duvessa]
  3255 | D:1      | Succumbed to Duvessa's poison

Vanquished Creatures
  A bullfrog (D:1)
  3 big kobolds (D:2)
  6 jellies (D:2)
  5 giant cockroaches
  11 sewer rats (D:2)
  6 cinder newts
  7 oozes (D:2)
  2 dart slugs (D:1)
  8 leopard geckos
  2 ball pythons
  7 goblins (D:1)
  8 hobgoblins (D:1)
  4 bats
  A bat skeleton (D:2)
  20 kobolds
  2 orc skeletons (D:2)
  9 rats
  A rat skeleton (D:2)
103 creatures vanquished.

Vanquished Creatures (others)
  A giant cockroach (D:1)
  A sewer rat (D:2)
  A slimehead (D:2)
  72 withered plants (D:2)
75 creatures vanquished.

Grand Total: 178 creatures vanquished

Table legend:
 A = Turns spent in this place as a percentage of turns spent in the entire game.
 B = Non-inter-level travel turns spent in this place as a percentage of non-inter-level travel turns spent in the entire game.
 C = Inter-level travel turns spent in this place as a percentage of turns spent in this place.
 D = Turns resting spent in this place as a percentage of non-inter-level travel turns spent in this place.
 E = Turns spent auto-exploring this place as a percentage of non-inter-level travel turns spent in this place.
 F = Non-inter-level travel turns spent in this place divided by the number of levels of this place that you've seen.
                   A       B       C       D       E      F
               +-------+-------+-------+-------+-------+----------------------
         Total | 100.0 | 100.0 |   4.1 |  23.7 |  42.7 | 1041.0
       Dungeon |  97.9 |  97.8 |   4.1 |  24.2 |  42.6 | 1527.5
        Market |   2.1 |   2.2 |   0.0 |   0.0 |  51.5 |  68.0
               +-------+-------+-------+-------+-------+----------------------
